 Dungeon Crawl Stone Soup version 0.18-b1-14-g029dad2 (webtiles) character file.

9682 Iskender the Basher (level 11, 0/81 HPs)
             Began as a Mummy Wanderer on Apr 29, 2016.
             Was an Initiate of Gozag.
             Slain by a red ugly thing (31 damage)
             ... on level 11 of the Dungeon on Apr 30, 2016.
             The game lasted 01:48:41 (12770 turns).

Iskender the Basher (Mummy Wanderer)               Turns: 12770, Time: 01:48:42

Health: 0/81       AC:  7    Str: 24    XL:     11   Next: 26%
Magic:  14/14      EV: 14    Int: 12    God:    Gozag
Gold:   873        SH:  5    Dex: 17    Spells: 2 memorised, 10 levels left

rFire  x . .     SeeInvis .     a - +0 whip (venom)
rCold  + + .     Gourm    .     R - +1 leather armour of Idealism {Str+4 Dex+3}
rNeg   + + +     Faith    .     c - +0 buckler
rPois  ∞         Spirit   .     (no helmet)
rElec  .         Dismiss  .     V - +1 cloak
rCorr  .         Reflect  .     (no gloves)
SustAt .         Harm     .     h - +0 pair of boots
MR     +....                    o - amulet of magic regeneration
Stlth  +++.......               F - +6 ring of slaying
                                r - ring "Luunnur" {+Fly rC+ Str+4 Stlth+}

@: somewhat resistant to hostile enchantments, fairly stealthy
A: no food or potions, fire vulnerability, cold resistance 1, negative energy
resistance 3, torment resistance, unbreathing
a: Potion Petition, Call Merchant, Bribe Branch, Renounce Religion, Evoke Flight


You were on level 11 of the Dungeon.
You worshipped Gozag.
Gozag was noncommittal.
You were not hungry.

You visited 2 branches of the dungeon, and saw 12 of its levels.

You collected 1153 gold pieces.
You spent 170 gold pieces at shops.
You paid 110 gold pieces to Gozag.

Inventory:

Hand Weapons
 a - a +0 whip of venom (weapon)
 b - a +0 hunting sling
 d - a +1 dagger of draining
 k - a +1 trident of distortion
 n - a +2 mace of draining
 v - a +0 blowgun
 A - a +1 flail of crushing
Missiles
 g - 146 stones
 p - 34 sling bullets
 B - 39 poisoned needles
 O - 10 tomahawks
 Z - 4 tomahawks of dispersal (quivered)
Armour
 c - a +0 buckler (worn)
 h - a +0 pair of boots (worn)
 R - the +1 leather armour of Idealism (worn) {Str+4 Dex+3}
   (You found it on level 9 of the Dungeon)

   It affects your strength (+4).
   It affects your dexterity (+3).
 S - a +2 robe of magic resistance
 V - a +1 cloak (worn)
Magical Staves
 P - an uncursed staff of summoning
Jewellery
 i - an uncursed ring of ice
 j - an uncursed ring of stealth
 o - an amulet of magic regeneration (around neck)
 r - the ring "Luunnur" (left hand) {+Fly rC+ Str+4 Stlth+}
   (You found it on level 11 of the Dungeon)

   [ring of flight]

   It affects your strength (+4).
   It protects you from cold.
   It lets you fly.
   It makes you more stealthy.
 z - an uncursed ring of protection from magic
 F - a +6 ring of slaying (right hand)
Wands
 e - a wand of lightning (6/15)
 m - a wand of flame (34/48)
 t - a wand of hasting (3/9)
 y - a wand of paralysis (13/24)
 H - a wand of slowing (12/48)
Scrolls
 l - a scroll of enchant weapon
 q - a scroll of fog
 s - 4 scrolls of remove curse
 u - 2 scrolls of magic mapping
 w - 2 scrolls of recharging
 x - a scroll of enchant armour
 C - a scroll of identify
 E - 4 scrolls of teleportation
 G - a scroll of immolation
 K - a scroll of fear
 L - a scroll of blinking
 N - 5 scrolls of amnesia
 T - a scroll of torment
Books
 f - a Young Poisoner's Handbook

   Spells                             Type                      Level
   a - Sting                          Conjuration/Poison           1
   b - Cure Poison                    Poison                       2
   c - Mephitic Cloud                 Conjuration/Poison/Air       3
   d - Olgreb's Toxic Radiance        Poison                       4
   e - Venom Bolt                     Conjuration/Poison           5
 D - a book of Envenomations

   Spells                             Type                      Level
   a - Spider Form                    Transmutation/Poison         3
   b - Olgreb's Toxic Radiance        Poison                       4
   c - Alistair's Intoxication        Transmutation/Poison         5
   d - Poisonous Cloud                Conjuration/Poison/Air       6
 I - a book of Burglary

   Spells                             Type                      Level
   a - Swiftness                      Charms/Air                   2
   b - Passwall                       Transmutation/Earth          2
   c - Passage of Golubria            Translocation                4
   d - Lee's Rapid Deconstruction     Earth                        5
   e - Darkness                       Hexes                        6
   f - Invisibility                   Hexes                        6


   Skills:
 - Level 5.8 Fighting
 + Level 11.0 Maces & Flails
 - Level 1.0 Polearms
 - Level 4.5 Dodging
 - Level 1.0 Stealth
 - Level 4.5 Shields
 - Level 2.0 Spellcasting
 - Level 3.0 Conjurations
   Level 1.0 Fire Magic
 - Level 2.0 Air Magic
 - Level 4.0 Poison Magic


You had 10 spell levels left.
You knew the following spells:

 Your Spells              Type           Power        Failure   Level  Hunger
a - Sting                 Conj/Pois      #...         10%         1    N/A
C - Mephitic Cloud        Conj/Pois/Air  #.......     28%         3    N/A

Dungeon Overview and Level Annotations

Branches:
Dungeon (11/15)            Temple (1/1) D:5             Orc (0/2) D:10
   Lair: D:8-11

Altars:
Ashenzari
Cheibriados
Dithmenos
Elyvilon
Fedhas
Gozag
Kikubaaqudgha
Makhleb
Nemelex Xobeh
Okawaru
Pakellas
Qazlal
Ru
Sif Muna
Trog
Vehumet
Xom
Yredelemnul
Zin
The Shining One

Shops:
D:5 ?}*%


Innate Abilities, Weirdness & Mutations

You do not eat or drink.
Your flesh is vulnerable to fire.
You are immune to poison.
Your flesh is cold resistant.
You are immune to negative energy.
You are immune to unholy pain and torment.
You can survive without breathing.


Message History

The red ugly thing is severely wounded.
The orc priest invokes the aid of Beogh against you.
Beogh smites you!
You closely miss the red ugly thing.
The red ugly thing is severely wounded.
The killer bee zombie is no longer distracted by gold.
The red ugly thing barely misses you.
You whack the red ugly thing!
The red ugly thing is almost dead.
The orc priest miscasts a cantrip.
You closely miss the red ugly thing.
The red ugly thing is almost dead.
The red ugly thing gores you.
You are engulfed in flames!!
The fire burns you terribly!
You hit the red ugly thing but do no damage.
The red ugly thing is almost dead.
The red ugly thing gores you.
You are engulfed in flames!!
The fire burns you terribly!
You die...
Your body crumbles into a pile of gold.

≈≈≈≈≈≈≈≈≈≈≈≈≈≈≈ ≈≈≈≈≈≈≈
≈≈≈≈#≈#≈≈≈≈≈≈≈≈ ≈≈≈≈≈≈≈
≈≈≈≈#≈≈≈≈≈.≈≈≈≈ ;≈≈≈≈≈≈
≈≈≈≈≈≈≈≈≈...≈≈≈ .≈≈≈≈≈≈
.≈≈≈≈...≈....≈. ..;..
..≈.....###..Y. §..
...##.###..#### ###.#
.##....###....#####o.#
.)..##..#...#...@uo#$.....#
#.#####....##.#.#######.###
.#...##.##...##.# #
#####..########## ####


You could see a red ugly thing, an orc priest and an orc wizard.

Vanquished Creatures
  Erica (D:8)
  The ghost of Blunderbuss the Unseen, a novice SpEn (D:11)
  3 hill giants (D:10)
  An ugly thing (D:11)
  A manticore (D:7)
  A troll (D:10)
  Prince Ribbit (D:5)
  3 water elementals (D:11)
  3 yaks (D:11)
  Grum (D:8)
  Eustachio (D:4)
  A hippogriff (D:6)
  4 orc warriors
  4 ice beasts
  3 sky beasts
  2 wasps
  A necrophage (D:7)
  An eye of draining (D:7)
  6 centaurs
  A big kobold (D:8)
  6 giant frogs
  A gnoll sergeant (D:7)
  2 water moccasin skeletons
  6 scorpions
  A wyvern skeleton (D:6)
  6 killer bees (D:10)
  4 wights (D:10)
  2 howler monkeys
  An electric eel (D:11)
  6 crimson imps
  A centaur zombie (D:7)
  6 hounds
  Crazy Yiuf (D:4)
  3 giant frog zombies
  4 orc priests
  A giant frog skeleton (D:6)
  A gnoll shaman (D:8)
  9 orc wizards
  3 iguanas
  6 worker ants
  A hound zombie (D:5)
  Robin (D:4)
  10 adders
  16 gnolls
  3 shadow imps
  A white imp (D:6)
  An ooze (D:5)
  A worm (D:3)
  4 dart slugs
  6 giant geckos
  35 orcs
  3 giant cockroaches
  21 goblins
  11 hobgoblins
  6 jackals
  8 quokkas
  4 bats
  7 giant newts
  21 kobolds
  9 rats
279 creatures vanquished.

Vanquished Creatures (others)
  2 fungi (D:8)
  4 plants (D:8)
6 creatures vanquished.

Grand Total: 285 creatures vanquished

Notes
Turn   | Place    | Note
--------------------------------------------------------------
     0 | D:1      | Iskender the Mummy Wanderer began the quest for the Orb.
     0 | D:1      | Iskender set off with: a Young Poisoner's Handbook, a scroll of teleportation, a +0 buckler, a +0 robe, a +0 club
     0 | D:1      | Reached XP level 1. HP: 16/16 MP: 2/2
     2 | D:1      | Learned a level 1 spell: Sting
   354 | D:1      | Reached skill level 1 in Conjurations
   501 | D:1      | Reached XP level 2. HP: 9/22 MP: 0/3
  1069 | D:1      | Reached XP level 3. HP: 26/27 MP: 4/4
  1389 | D:2      | Reached skill level 1 in Maces & Flails
  2046 | D:3      | Reached XP level 4. HP: 33/33 MP: 5/5
  2148 | D:3      | Reached skill level 2 in Maces & Flails
  2185 | D:3      | Found an iron altar of Okawaru.
  3135 | D:4      | Found a glowing golden altar of the Shining One.
  3160 | D:4      | Found a radiant altar of Vehumet.
  3162 | D:4      | Found a snail-covered altar of Cheibriados.
  3246 | D:4      | Reached XP level 5. HP: 38/38 MP: 6/6
  3338 | D:4      | Upgraded the game from 0.18-b1-10-g3f7de93 to 0.18-b1-14-g029dad2
  3399 | D:4      | Reached skill level 3 in Maces & Flails
  3411 | D:4      | Noticed Eustachio
  3507 | D:4      | Noticed Robin
  3658 | D:4      | Noticed Crazy Yiuf
  3678 | D:4      | Killed Crazy Yiuf
  3774 | D:4      | Killed Robin
  4095 | D:5      | Entered Level 5 of the Dungeon
  4097 | D:5      | Noticed Prince Ribbit
  4147 | D:5      | Found Sauw Ulo's General Store.
  4161 | D:5      | Bought a scroll of identify for 30 gold pieces
  4162 | D:5      | Bought a scroll of identify for 30 gold pieces
  4219 | D:5      | Reached XP level 6. HP: 42/44 MP: 7/7
  4413 | D:5      | Noticed an ice beast
  4440 | D:5      | Killed an ice beast
  4440 | D:5      | Reached skill level 4 in Maces & Flails
  4475 | D:5      | Found a shadowy altar of Dithmenos.
  4511 | D:5      | Found Pocwout's Food Shoppe.
  4564 | D:5      | Found a basalt altar of Yredelemnul.
  4566 | D:5      | Found an ancient bone altar of Kikubaaqudgha.
  4566 | D:5      | Found a sacrificial altar of Ru.
  4566 | D:5      | Found a blossoming altar of Fedhas.
  4566 | D:5      | Found a bloodstained altar of Trog.
  4567 | D:5      | Found a shattered altar of Ashenzari.
  4568 | D:5      | Found a stormy altar of Qazlal.
  4610 | D:5      | Found Gafesh's Gadget Shoppe.
  4682 | D:5      | Reached XP level 7. HP: 49/50 MP: 8/8
  4686 | D:5      | Found Dicuq's Magic Scroll Shoppe.
  4698 | D:5      | Bought a scroll of blinking for 75 gold pieces
  4698 | D:5      | Bought a scroll of magic mapping for 35 gold pieces
  4800 | D:5      | Reached skill level 5 in Maces & Flails
  5085 | D:6      | Found a snail-covered altar of Cheibriados.
  5656 | D:5      | Learned a level 3 spell: Mephitic Cloud
  5717 | D:6      | Reached XP level 8. HP: 49/56 MP: 1/9
  5751 | D:6      | Reached skill level 1 in Air Magic
  7001 | D:7      | Reached skill level 6 in Maces & Flails
  7560 | D:4      | Killed Eustachio
  7560 | D:4      | Reached XP level 9. HP: 61/61 MP: 12/12
  7717 | D:5      | Killed Prince Ribbit
  7734 | D:5      | Found a staircase to the Ecumenical Temple.
  7740 | Temple   | Entered the Ecumenical Temple
  7945 | D:7      | Reached skill level 7 in Maces & Flails
  8299 | D:7      | Noticed a manticore
  8371 | Temple   | Became a worshipper of Gozag Ym Sagoz the Greedy
  8475 | D:7      | Killed a manticore
  8475 | D:7      | Reached skill level 8 in Maces & Flails
  9024 | D:8      | Noticed Erica
  9058 | D:8      | Killed Erica
  9058 | D:8      | Reached skill level 5 in Fighting
  9058 | D:8      | Reached XP level 10. HP: 31/76 MP: 9/13
  9070 | D:8      | Noticed Grum
  9099 | D:8      | Killed Grum
  9659 | D:9      | Got a heavily runed leather armour
  9670 | D:9      | Identified the +1 leather armour of Idealism {Str+4 Dex+3} (You found it on level 9 of the Dungeon)
 10531 | D:10     | Entered Level 10 of the Dungeon
 10531 | D:10     | Noticed a hill giant
 11082 | D:10     | Noticed a hill giant
 11226 | D:10     | Killed a hill giant
 11226 | D:10     | Reached skill level 9 in Maces & Flails
 11391 | D:10     | Noticed a hill giant
 11414 | D:10     | Killed a hill giant
 11474 | D:10     | Found a staircase to the Orcish Mines.
 11681 | D:10     | Reached skill level 10 in Maces & Flails
 11765 | D:10     | Killed a hill giant
 11765 | D:10     | Reached XP level 11. HP: 58/81 MP: 10/14
 11959 | D:11     | Noticed Blunderbuss's ghost (novice SpEn)
 11989 | D:11     | Killed Blunderbuss's ghost
 12056 | D:11     | HP: 4/81 [water elemental (18)]
 12420 | D:11     | Got a pitted bronze ring
 12422 | D:11     | Identified the ring "Luunnur" {+Fly rC+ Str+4 Stlth+} (You found it on level 11 of the Dungeon)
 12629 | D:11     | Noticed a green ugly thing
 12657 | D:11     | Killed a green ugly thing
 12657 | D:11     | Reached skill level 11 in Maces & Flails
 12753 | D:11     | Noticed a red ugly thing
 12770 | D:11     | Slain by a red ugly thing

Skill      XL: |  1  2  3  4  5  6  7  8  9 10 11 |
---------------+----------------------------------+-----
Conjurations   | 1 3 |  3.0
Poison Magic   | 2 3 4 |  4.0
Maces & Flails | 1 2 3 4 5 6 8 10 11 | 11.0
Shields        | 2 3 4 |  4.5
Air Magic      | 2 |  2.0
Spellcasting   | 2 |  2.0
Fighting       | 5 |  5.8
Dodging        | 4 |  4.5
Polearms       | |  1.0
Stealth        | |  1.0
Fire Magic     | |  1.0

Action                   |  1- 3 |  4- 6 |  7- 9 | 10-12 || total
-------------------------+-------+-------+-------+-------++-------
Melee: Whip              |   214 |   197 |   506 |   342 ||  1259
       Flail             |       |       |       |    30 ||    30
 Fire: Blowgun           |       |    48 |    37 |     3 ||    88
       Hunting sling     |       |     4 |     9 |     6 ||    19
Throw: Stone             |    51 |    28 |     5 |       ||    84
       Throwing net      |       |     1 |       |       ||     1
       Tomahawk          |       |       |     4 |     2 ||     6
 Cast: Sting             |    24 |       |    83 |    53 ||   160
       Mephitic Cloud    |       |       |    13 |    18 ||    31
Invok: Potion Petition   |       |       |       |     1 ||     1
Evoke: Wand              |       |       |    14 |     2 ||    16
  Use: Scroll            |       |     6 |    12 |     4 ||    22
 Stab: Held in net/web   |       |     1 |       |       ||     1
       Confused          |       |       |     9 |    10 ||    19
       Sleeping          |       |       |     4 |     2 ||     6
       Distracted        |       |       |     1 |     1 ||     2
Armor: Robe              |     5 |       |       |       ||     5
       Chain mail        |    85 |    44 |       |       ||   129
       Ring mail         |       |    36 |    20 |       ||    56
       Leather armour    |       |       |    62 |    52 ||   114
Dodge: Dodged            |    86 |    59 |   201 |   139 ||   485
Block: Buckler           |    34 |    24 |    79 |    49 ||   186
